 Dungeon Crawl Stone Soup version 0.27-a0-1325-g58a489ad9e (webtiles) character file.

Game seed: 8795938707368263198

6649 kae the Severer (level 11, -12/102 HPs)
             Began as a Hill Orc Fighter on June 24, 2021.
             Was a Believer of Qazlal.
             Mangled by Snorg (18 damage)
             ... on level 10 of the Dungeon.
             The game lasted 00:07:56 (10217 turns).

kae the Severer (Hill Orc Fighter)                 Turns: 10217, Time: 00:07:57

Health: -12/102    AC: 11    Str: 23    XL:     11   Next: 2%
Magic:  13/13      EV:  9    Int:  8    God:    Qazlal [**....]
Gold:   325        SH:  2    Dex: 10    Spells: 10/10 levels left

rFire    . . .     SeeInvis +   h - +1 battleaxe (flame)
rCold    . . .     Faith    .   (shield currently unavailable)
rNeg     . . .     Spirit   .   b - +2 scale mail
rPois    +         Reflect  .   (no helmet)
rElec    .         Harm     .   j - +0 cloak
rCorr    .         Rampage  .   (no gloves)
Will     .....                  k - +0 pair of boots
Stlth    ..........             (no amulet)
HPRegen  0.27/turn              d - ring of poison resistance
MPRegen  0.13/turn              u - ring of see invisible

@: no status effects
A: no striking features
a: Renounce Religion, Upheaval


You were on level 10 of the Dungeon.
You worshipped Qazlal.
Qazlal was pleased with you.
You visited 2 branches of the dungeon, and saw 11 of its levels.

You collected 523 gold pieces.
You spent 198 gold pieces at shops.

Inventory:

Hand Weapons
 a - a +0 war axe
 h - a +1 battleaxe of flaming (weapon)
Missiles
 p - 6 atropa-tipped darts (quivered)
Armour
 b - a +2 scale mail (worn)
 c - a +0 kite shield
 j - a +0 cloak (worn)
 k - a +0 pair of boots (worn)
Jewellery
 d - a ring of poison resistance (left hand)
 e - a ring of ice
 f - a +6 ring of dexterity
 g - a ring of fire
 u - a ring of see invisible (right hand)
 w - a +4 ring of protection
 z - an amulet of guardian spirit
Wands
 n - a wand of flame (16)
 q - a wand of digging (8)
 y - a wand of paralysis (9)
 A - a wand of polymorph (7)
 E - a wand of acid (2)
 F - a wand of iceblast (10)
Scrolls
 o - 3 scrolls of teleportation
 s - 5 scrolls of fear
 x - 7 scrolls of identify
 D - a scroll of fog
 G - a scroll of magic mapping
Potions
 i - 2 potions of flight
 m - 5 potions of attraction
 r - 5 potions of curing
 t - 2 potions of invisibility
 v - a potion of lignification
 B - a potion of might
 C - a potion of brilliance


   Skills:
 + Level 11.3 Fighting
 * Level 15.9 Axes
 + Level 4.7 Armour
 - Level 3.2 Shields
 + Level 3.8 Invocations


You had 10 spell levels left.
You didn't know any spells.
Your spell library was empty.

Dungeon Overview and Level Annotations

Branches:
Dungeon (10/15)            Temple (1/1) D:6
   Lair: D:8-11         Orc: D:9-12

Altars:
Ashenzari
Dithmenos
Elyvilon
Fedhas
Gozag
Hepliaklqana
Makhleb
Nemelex Xobeh
Okawaru
Qazlal
Ru
Sif Muna
Trog
Uskayaw
Vehumet
Xom
Yredelemnul
Zin
The Shining One

Shops:
D:8 **?[

Annotations:
D:7 exclusion: upstairs
D:10 Snorg


Message History

You closely miss Snorg.
Snorg is severely wounded.
Snorg barely misses you. Snorg claws you! Snorg closely misses you.
Snorg bites you! Snorg claws you! Snorg claws you.
You are too injured to fight recklessly!
You are too injured to fight recklessly!
You are too injured to fight recklessly!
You are too injured to fight recklessly!
You are too injured to fight recklessly!
You closely miss Snorg.
Snorg is severely wounded.
Snorg bites you. Snorg closely misses you. Snorg claws you!
* * * LOW HITPOINT WARNING * * *
You closely miss Snorg.
Snorg is severely wounded.
Snorg bites you!
* * * LOW HITPOINT WARNING * * *
Snorg claws you.
* * * LOW HITPOINT WARNING * * *
Snorg barely misses you.
Okay, then.
You feel much better. Snorg bites you but does no damage. Snorg claws you!
* * * LOW HITPOINT WARNING * * *
Snorg barely misses you. Snorg bites you.
* * * LOW HITPOINT WARNING * * *
Snorg claws you but does no damage. x2
Okay, then.
Your scale mail prevents you from hitting Snorg.
Snorg is severely wounded.
Snorg bites you.
* * * LOW HITPOINT WARNING * * *
Snorg claws you but does no damage. Snorg barely misses you.
You hit Snorg. You burn Snorg.
Snorg is severely wounded.
Snorg bites you.
* * * LOW HITPOINT WARNING * * *
Snorg claws you.
* * * LOW HITPOINT WARNING * * *
Snorg claws you!!
You die...

### ..##
...#
##.#####..#
......T...#
#@..#
#.°.##
#.<..#
#....#
#....#
.......
###.#.###
..#.# ###.#


You could see Snorg (berserk).

Vanquished Creatures
  Pikel (D:6)
  The ghost of bmj180 the Chopper, a novice MiFi of Qazlal (D:4)
  A troll (D:5)
  A slime creature (D:9)
  A wraith (D:6)
  5 yaks
  2 steam dragons (D:9)
  An acid dragon (D:5)
  A water moccasin (D:7)
  An orc warrior (D:7)
  2 ice beasts
  A necrophage (D:5)
  4 sky beasts
  4 ogres
  2 black bears
  The ghost of senseless the Ruffian, an amateur DrTm of Cheibriados (D:3)
  2 centaurs
  A phantom (D:6)
  A lemure (D:6)
  2 bullfrogs
  2 kobold brigands
  6 scorpions
  10 killer bees
  5 wights (D:8)
  A howler monkey (D:4)
  4 electric eels (D:9)
  A centaur zombie (D:9)
  2 jellies
  A hound (D:5)
  6 orc priests
  3 gnoll shamans
  Crazy Yiuf (D:4)
  Ijyb (D:3)
  Terence (D:2)
  Jessica (D:2)
  4 iguanas
  4 orc wizards
  A killer bee zombie (D:8)
  A hound zombie (D:5)
  13 adders
  11 gnolls
  2 white imps
  An ufetubus (D:4)
  A worm (D:5)
  3 dart slugs
  30 orcs
  3 endoplasms
  3 giant cockroaches
  6 goblins
  7 hobgoblins
  15 jackals
  4 quokkas
  4 ball pythons
  4 bats
  2 frilled lizards
  17 kobolds
  6 rats
  A bush (D:5)
223 creatures vanquished.

Vanquished Creatures (others)
  2 gnolls (D:9)
  A bush (D:5)
  A plant (D:10)
4 creatures vanquished.

Grand Total: 227 creatures vanquished

Notes
Turn   | Place    | Note
-------+----------+-------------------------------------------
     0 | D:1      | kae the Hill Orc Fighter began the quest for the Orb.
     0 | D:1      | Reached XP level 1. HP: 19/19 MP: 1/1
    46 | D:1      | Reached skill level 3 in Axes
   188 | D:1      | Reached XP level 2. HP: 25/27 MP: 2/2
   552 | D:1      | Reached skill level 4 in Axes
   555 | D:1      | Reached XP level 3. HP: 33/33 MP: 3/3
   663 | D:2      | Noticed Terence
   675 | D:2      | Killed Terence
   676 | D:2      | Reached XP level 4. HP: 30/41 MP: 4/4
   895 | D:2      | Reached skill level 5 in Axes
  1165 | D:2      | Found a faded altar of an unknown god.
  1187 | D:2      | Noticed Jessica
  1196 | D:2      | Killed Jessica
  1514 | D:3      | Reached XP level 5. HP: 47/47 MP: 5/5
  1658 | D:3      | Found a runed translucent door.
  1664 | D:3      | Noticed senseless's ghost (amateur DrTm)
  1948 | D:3      | Found a burning altar of Makhleb.
  2285 | D:3      | Reached skill level 5 in Fighting
  2285 | D:3      | Reached skill level 6 in Axes
  2470 | D:3      | Identified a scroll of acquirement
  2470 | D:3      | Acquired a +0 battleaxe of freezing
  2495 | D:3      | Reached XP level 6. HP: 24/56 MP: 6/6
  2503 | D:3      | Killed senseless's ghost
  2504 | D:3      | Reached skill level 7 in Axes
  2814 | D:4      | Reached skill level 8 in Axes
  2814 | D:4      | Reached XP level 7. HP: 63/63 MP: 7/7
  2815 | D:4      | Found a runed translucent gate.
  2816 | D:4      | Found a runed translucent gate.
  2816 | D:4      | Noticed bmj180's ghost (novice MiFi)
  2817 | D:4      | Found a runed translucent gate.
  2910 | D:4      | Noticed Ijyb
  2924 | D:3      | Killed Ijyb
  3073 | D:4      | Reached skill level 9 in Axes
  3394 | D:4      | Reached XP level 8. HP: 43/73 MP: 8/8
  3579 | D:4      | Reached skill level 10 in Axes
  3595 | D:4      | Found a runed translucent door.
  3596 | D:4      | Noticed Crazy Yiuf
  3826 | D:4      | Killed bmj180's ghost
  3827 | D:4      | Reached skill level 11 in Axes
  3960 | D:4      | Killed Crazy Yiuf
  4022 | D:5      | Entered Level 5 of the Dungeon
  4031 | D:5      | Noticed a troll
  4041 | D:5      | Killed a troll
  4087 | D:5      | Reached skill level 12 in Axes
  4087 | D:5      | Reached XP level 9. HP: 56/82 MP: 9/9
  4991 | D:5      | Found the +5 robe of Night {Dark Will+ SInv}
  5302 | D:6      | Reached skill level 13 in Axes
  5324 | D:6      | Noticed Pikel
  5333 | D:6      | Killed Pikel
  5533 | D:6      | Found a staircase to the Ecumenical Temple.
  5650 | D:6      | Reached skill level 10 in Fighting
  5668 | D:6      | Reached skill level 14 in Axes
  5852 | D:6      | Reached XP level 10. HP: 91/93 MP: 10/10
  6110 | Temple   | Entered the Ecumenical Temple
  6329 | Temple   | Became a worshipper of Qazlal Stormbringer
  7207 | D:8      | Reached * piety under Qazlal
  7318 | D:8      | Found Tuddugock's Magic Scroll Boutique.
  7328 | D:8      | Reached skill level 15 in Axes
  7336 | D:8      | Found Ditzir's Antique Armour Shop.
  7627 | D:8      | Bought a scroll of enchant weapon for 112 gold pieces
  7627 | D:8      | Bought a scroll of identify for 30 gold pieces
  7627 | D:8      | Bought a scroll of identify for 30 gold pieces
  7727 | D:8      | Found Viel's Assorted Antiques.
  8015 | D:8      | Found Rojier's General Store.
  8018 | D:8      | Bought a scroll of identify for 26 gold pieces
  8056 | D:9      | Reached skill level 1 in Invocations
  9192 | D:9      | Found a glowing silver altar of Zin.
  9192 | D:9      | Found a radiant altar of Vehumet.
  9257 | D:9      | Reached ** piety under Qazlal
  9580 | D:9      | Reached XP level 11. HP: 84/102 MP: 13/13
 10203 | D:10     | Entered Level 10 of the Dungeon
 10205 | D:10     | Noticed Snorg
 10214 | D:10     | HP: 2/102 [Snorg (5)]
 10217 | D:10     | Mangled by Snorg

Illustrated notes

Levels and vault maps discovered:
D:1:      psy_arrival_fountain, layout_basic
D:2:      layout_loops_ring, shapermc_ecumenical_altar_mp_vishouse,
          uniq_terence, uniq_jessica
D:3:      layout_basic, lemuel_doored_altar, ebering_ghost_sewer_d,
          kennysheep_generic_room_8
D:4:      layout_basic, gammafunk_ghost_split, minmay_ruptured, uniq_ijyb,
          uniq_crazy_yiuf_cottage
D:5:      layout_basic, minmay_hedge_maze, hangedman_abyss_or_decor_stabs,
          minmay_tree_intersection, kennysheep_decorative_pillar
D:6:      layout_basic, minmay_temple_entry_from_below_a, uniq_pikel
D:7:      layout_cave_pools, kennysheep_path_1
D:8:      layout_rooms, serial_shops, nicolae_stop_n_shop_2, shop,
          kennysheep_mini_moat, shop
D:9:      layout_basic, gammafunk_temple_overflow_wave, hangedman_misty_isle
D:10:     layout_loops_ring, gammafunk_temple_overflow_forgotten,
          roderic_three_in_a_row, hangedman_decor_points, uniq_snorg
Temple:   eino_temple_rhombus

Skill      XL: |  1  2  3  4  5  6  7  8  9 10 |
---------------+-------------------------------+-----
Axes           | 3 4 5 6 8 9 12 14 15 | 15.9
Fighting       | 4 5 6 7 8 10 11 | 11.3
Invocations    | 3 |  3.8
Armour         | 4 |  4.7
Shields        | |  3.2

Action                   |  1- 3 |  4- 6 |  7- 9 | 10-12 || total
-------------------------+-------+-------+-------+-------++-------
Melee: War axe           |    74 |    96 |       |       ||   170
       Battleaxe         |       |    29 |   193 |   174 ||   396
Evoke: Wand              |       |       |       |     2 ||     2
  Use: Scroll            |     1 |     7 |     7 |     7 ||    22
       Potion            |       |     5 |     3 |     1 ||     9
Armor: Scale mail        |    28 |    58 |    93 |   107 ||   286
Dodge: Dodged            |    32 |    57 |    99 |   111 ||   299
Block: Kite shield       |    54 |    45 |       |       ||    99
       Other             |       |       |       |     7 ||     7

Table legend: (Time is in decaauts)
 A = Elapsed time spent in this place.
 B = Non-inter-level travel time spent in this place.
 C = Inter-level travel time spent in this place.
 D = Time resting spent in this place.
 E = Time spent auto-exploring this place.
 F = Levels seen in this place.
 G = Mean time per level.
                   A        B        C        D        E       F      G
               +--------+--------+--------+--------+--------+-----+--------+
         Total |  10358 |  10086 |    272 |   1722 |   7020 |  11 |  941.6 |
       Dungeon |  10122 |   9881 |    241 |   1722 |   6818 |  10 | 1012.2 |
        Temple |    235 |    204 |     31 |      0 |    202 |   1 |  235.0 |
               +--------+--------+--------+--------+--------+-----+--------+

Top non-repeatable levels by time:
     D:8: 1603 daAuts
     D:9: 1413 daAuts
     D:3: 1398 daAuts
     D:5: 1251 daAuts
     D:4: 1231 daAuts
     D:7: 869 daAuts
     D:2: 869 daAuts
     D:6: 834 daAuts
     D:1: 637 daAuts
  Temple: 235 daAuts
    D:10: 12 daAuts
